 Dungeon Crawl Stone Soup version bcrawl-1.40.3b (webtiles) character file.

Game seed: 170311796475482809

512767 Artagas the Severer (level 16, -13/244 HPs)
             Began as a Naga Berserker on Nov 26, 2023.
             Was a High Priest of Trog.
             Mangled by a 17-headed hydra (14 damage)
             ... on level 1 of the Swamp on Nov 28, 2023.
             The game lasted 00:42:48 (24096 turns).

Artagas the Severer (Naga Berserker)               Turns: 24096, Time: 00:42:48

Health: -13/244    AC: 19    Str: 29    XL:     16   Next: 34%
Magic:  20/20      EV:  3    Int:  8    God:    Trog [*****.]
Gold:   1853       SH: 17    Dex: 13    Spells: 15/15 levels left

rFire    + . .     GDR:     31% P - +6 broad axe (vamp)
rCold    + . .     SeeInvis +   c - +0 medium shield
rNeg     . . .     Gourm    .   S - +0 iron troll leather armour
rPois    +         Faith    .   H - +1 hat
rElec    .         Spirit   .   (no cloak)
rCorr    .         Reflect  +   (no gloves)
MR       +++++                  f - +1 barding
Stlth    ..........             I - +5 amulet of reflection
HPRegen  0.90/turn              m - ring of protection from magic
MPRegen  0.17/turn              E - ring of stealth

@: berserking, quick
A: large, tail, swims, see invisible, deformed body, poison resistance, slowness
2, slow metabolism 1, spit poison 1, constrict 1, AC +5
a: Spit Poison, Berserk, Trog's Hand, Brothers in Arms, Renounce Religion


You were on level 1 of the Swamp.
You worshipped Trog.
Trog was extremely pleased with you.
You were hungry.

You visited 4 branches of the dungeon, and saw 20 of its levels.
You also visited: Ice Cave.

You collected 2036 gold pieces.
You spent 183 gold pieces at shops.

Inventory:

Hand Weapons
 g - a +4 flail of draining
   (You took it off a gnoll on level 8 of the Dungeon)
 K - a +4 broad axe of electrocution
   (Trog gifted it to you on level 11 of the Dungeon)
 P - a +6 vampiric broad axe (weapon)
   (Trog gifted it to you on level 3 of the Lair of Beasts)
Missiles
 u - 755 poisoned tomahawks (quivered)
 J - 4 throwing nets {=f}
Armour
 c - a +0 medium shield (worn)
   (You found it on level 1 of the Dungeon)
 f - a +1 barding (worn)
   (You found it on level 3 of the Dungeon)
 H - a +1 hat (worn)
   (You found it on level 5 of the Dungeon)
 S - +0 iron troll leather armour (worn)
   (You found it on level 12 of the Dungeon)
Jewellery
 m - a ring of protection from magic (left hand)
   (You found it on level 10 of the Dungeon)
 n - a cursed ring of protection from fire {unknown}
   (You found it on level 1 of the Swamp)
 y - the ring "Pyucewocw" {Fire +Blink}
   (You found it on level 4 of the Dungeon)

   [ring of fire]

   It enhances your fire magic.
   It protects you from fire.
   It makes you vulnerable to cold.
   It lets you blink.
 E - a ring of stealth (right hand)
   (You found it on level 2 of the Lair of Beasts)
 I - a +5 amulet of reflection (around neck)
   (You took it off a goblin on level 1 of the Dungeon)
Wands
 k - a wand of flame (35)
   (You found it on level 9 of the Dungeon)
 r - a wand of iceblast (4)
   (You found it on level 12 of the Dungeon)
 v - a wand of digging (26)
   (You found it on level 6 of the Dungeon)
 A - a wand of clouds (3)
   (You found it on level 3 of the Dungeon)
 B - a wand of charming (6)
   (You found it on level 5 of the Lair of Beasts)
 F - a wand of paralysis (21)
   (You found it on level 8 of the Dungeon)
 T - a wand of disintegration (7)
   (You found it on level 6 of the Lair of Beasts)
Scrolls
 a - a scroll of silence {unknown}
 b - 2 scrolls of revelation
 i - 4 scrolls of fear
 j - 2 scrolls of fog
 p - 13 scrolls of remove curse
 t - 10 scrolls of teleportation
 x - 6 scrolls of enchant armour
 z - 2 scrolls of blinking
 R - a scroll of torment {unknown}
 U - a scroll of vulnerability {unknown}
 V - 4 scrolls of noise
Potions
 d - 5 potions of might
 h - 4 potions of haste
 l - 5 potions of flight
 o - 2 potions of mutation
 q - 5 potions of curing
 s - 4 potions of agility
 w - 2 potions of heal wounds
 D - 5 potions of brilliance
 G - 2 potions of lignification
 M - a potion of ambrosia {unknown}
Miscellaneous
 L - a phial of floods
   (You found it on level 8 of the Dungeon)
 N - a sack of spiders
   (You found it on level 3 of the Lair of Beasts)
 Q - a lamp of fire
   (You found it on level 4 of the Lair of Beasts)
Comestibles
 e - 24 rations {!d}
 C - 3 chunks of flesh


   Skills:
 + Level 15.0 Fighting
 - Level 18.0 Axes
 - Level 6.0 Throwing
 + Level 7.0 Armour
 - Level 1.5 Dodging
 + Level 9.0 Shields
 - Level 6.0 Evocations


You had 15 spell levels left.
You didn't know any spells.
Your spell library contained the following spells:

 Spells                   Type           Power        Failure   Level  Hunger
 Flaming Arrows           Chrm/Fire      #.......     100%        2    ####...
 Swiftness                Chrm/Air       #.......     100%        2    ####...
 Ignite Poison            Fire/Tmut/Pois #.......     100%        3    #####..
 Silence                  Hex/Air        #.........   100%        5    #######
 Conjure Ball Lightning   Conj/Air       #.........   100%        6    #######


Dungeon Overview and Level Annotations

Branches:
Dungeon (12/12)            Temple (0/1) D:4            Lair (6/6) D:8
  Swamp (1/3) Lair:2       Shoals (0/3) Lair:2        Slime (0/5) Orc
    Orc (1/1) D:8          Vaults (0/3) D:12         Forest (0/3) Lair:6
 Depths (0/5) D:12

Altars:
Fedhas
Kikubaaqudgha
Lugonu
Nemelex Xobeh
Ru
Trog
Uskayaw
Jiyva

Shops:
D:5 :   D:7 *   D:8 ((   Orc [*[(%

Annotations:
D:7 1 runed door
D:9 3 runed translucent doors, SansUndertale's ghost, novice NaWn
D:11 3 runed translucent doors, tronn's ghost, novice GnWn
Lair:3 2 transporters, Wachungys's ghost, journeyman NaAc


Innate Abilities, Weirdness & Mutations

You cannot wear boots.
You can swim through water.
Your serpentine skin is tough. (AC +5)
You have supernaturally acute eyesight. (SInv)
Armour fits poorly on your strangely shaped body.
Your system is resistant to poisons. (rPois)
You cover ground very slowly.
You have a slow metabolism.
You can spit poison.
You can use your snake-like lower body to constrict enemies.


Message History

The ten-headed hydra is moderately wounded.
You barely miss the spriggan druid.
You block the ten-headed hydra's attack.
The ten-headed hydra bites you but does no damage.
The ten-headed hydra bites you. x2
The ten-headed hydra bites you but does no damage.
You block the ten-headed hydra's attack. x2
The ten-headed hydra bites you but does no damage.
The ten-headed hydra bites you!
The ten-headed hydra bites you but does no damage.
The spriggan druid hits you with a +0 quarterstaff.
You slice one of the ten-headed hydra's heads off!
The nine-headed hydra grows two more!
You hit the 11-headed hydra.
You feel better.
The 11-headed hydra is moderately wounded.
You hit the spriggan druid.
You feel better.
You slice one of the 11-headed hydra's heads off!
The ten-headed hydra grows two more!
You slice the 12-headed hydra!!
You feel better.
The 12-headed hydra is heavily wounded.
You slice the spriggan druid!!
You feel better.
You block the 12-headed hydra's attack. x3; The 12-headed hydra bites you!
The 12-headed hydra barely misses you.
The 12-headed hydra bites you but does no damage. x2
You block the 12-headed hydra's attack. The 12-headed hydra bites you!
You block the 12-headed hydra's attack.
The 12-headed hydra bites you but does no damage.
The 12-headed hydra bites you.
You hack one of the 12-headed hydra's heads off!
The 11-headed hydra grows two more!
You slash the 13-headed hydra!
You feel better.
The 13-headed hydra is heavily wounded.
You miss the spriggan druid.
The spriggan druid gestures wildly while chanting.
The spriggan druid is healed somewhat.
Unknown command.
You lop one of the 13-headed hydra's heads off!
The 12-headed hydra grows two more!
You slice the 14-headed hydra!!
You feel better.
The 14-headed hydra is severely wounded.
You slash the spriggan druid!
You feel better.
With its final breath, the spriggan druid offers up its power to the beasts of the wild!
The 14-headed hydra is healed.
The 14-headed hydra seems to grow more fierce.
You kill the spriggan druid!
Trog accepts your kill.
Trog appreciates your killing of a magic user.
The 14-headed hydra bites you. You block the 14-headed hydra's attack.
The 14-headed hydra bites you!! The 14-headed hydra barely misses you.
You block the 14-headed hydra's attack. The 14-headed hydra bites you!
The 14-headed hydra bites you!! The 14-headed hydra bites you!
The 14-headed hydra bites you but does no damage.
The 14-headed hydra bites you! The 14-headed hydra bites you.
The 14-headed hydra bites you but does no damage.
The 14-headed hydra bites you. x2
You lop one of the 14-headed hydra's heads off!
The 13-headed hydra grows two more!
You slash the 15-headed hydra!
You feel better.
The 15-headed hydra is moderately wounded.
You slice one of the 15-headed hydra's heads off!
The 14-headed hydra grows two more!
You slice the 16-headed hydra!!
You feel better.
The 16-headed hydra is heavily wounded.
The 16-headed hydra bites you!! You block the 16-headed hydra's attack.
The 16-headed hydra bites you but does no damage.
The 16-headed hydra bites you!! You block the 16-headed hydra's attack.
The 16-headed hydra bites you but does no damage.
The 16-headed hydra barely misses you. The 16-headed hydra bites you.
The 16-headed hydra barely misses you. You block the 16-headed hydra's attack.
The 16-headed hydra bites you!
The 16-headed hydra bites you but does no damage.
The 16-headed hydra bites you! You block the 16-headed hydra's attack.
The 16-headed hydra bites you but does no damage.
The 16-headed hydra bites you.
* * * LOW HITPOINT WARNING * * *
You lop one of the 16-headed hydra's heads off!
The 15-headed hydra grows two more!
You slash the 17-headed hydra!
You feel better.
The 17-headed hydra is heavily wounded.
Your shield and iron troll leather armour prevent you from hitting the 17-headed hydra.
The 17-headed hydra is heavily wounded.
You block the 17-headed hydra's attack. x2
The 17-headed hydra bites you but does no damage.
The 17-headed hydra bites you!
* * * LOW HITPOINT WARNING * * *
The 17-headed hydra bites you!
* * * LOW HITPOINT WARNING * * *
The 17-headed hydra bites you!
* * * LOW HITPOINT WARNING * * *
The 17-headed hydra bites you but does no damage.
The 17-headed hydra barely misses you. The 17-headed hydra bites you!
* * * LOW HITPOINT WARNING * * *
The 17-headed hydra bites you but does no damage.
The 17-headed hydra bites you!
* * * LOW HITPOINT WARNING * * *
The 17-headed hydra bites you.
* * * LOW HITPOINT WARNING * * *
You block the 17-headed hydra's attack. The 17-headed hydra barely misses you.
The 17-headed hydra bites you!
You die...

♣♣...≈♣♣♣
♣♣≈...≈♣♣♣ ≈.
♣♣≈≈..≈.♣♣♣ ♣..
♣≈....≈..♣♣ ...♣
♣♣.♣≈♣...≈♣ ♣..$♣
♣♣≈...†..♣♣♣≈≈≈≈.
♣.......♣..≈...≈
♣..♣....♣.......
♣..≈§≈...@D...≈..
♣♣.♣♣§♣...)..≈.§.
♣♣ ♣♣♣♣♣.♣.♣♣.♣♣
♣♣♣♣♣


You could see a 17-headed hydra.

Vanquished Creatures
  Frances (D:12)
  Kirke (Lair:3)
  An orc warlord (Orc)
  A yaktaur captain (D:12)
  Harold (D:10)
  6 hydras
  Psyche (D:11)
  2 catoblepae
  2 shambling mangroves (Swamp:1)
  13 two-headed ogres
  A shadow wraith (D:12)
  3 alligators (Swamp:1)
  12 death yaks
  An ogre mage (D:12)
  A death knight (D:12)
  4 orc high priests (Orc)
  4 centaur warriors
  Nergalle (Lair:1)
  7 skeletal warriors
  An iron troll (D:12)
  A swamp dragon (Swamp:1)
  2 spriggan druids (Swamp:1)
  8 cyclopes
  A necromancer (D:12)
  2 wolf spider zombies
  A deep elf archer (D:12)
  2 lindwurms (Lair:6)
  3 orc sorcerers (Orc)
  An oklob plant (Lair:3)
  A deep elf mage (D:6)
  2 slime creatures (D:10)
  2 ugly things
  A merfolk siren (Lair:2)
  3 manticores (Lair:6)
  8 elephants
  9 black mambas
  Joseph (D:9)
  12 cane toads
  2 torpor snails (Lair:6)
  5 komodo dragons
  2 rime drakes (Lair:6)
  A yaktaur (D:12)
  A rime drake (shapeshifter) (D:12)
  A freezing wraith (D:12)
  An eye of draining (D:8)
  3 meliai (D:11)
  3 tengu conjurers (D:11)
  2 tyrant leeches (Swamp:1)
  3 trolls
  3 merfolk (Lair:2)
  3 bog bodies
  5 hornets
  2 harpy skeletons (D:12)
  9 blink frogs
  13 hippogriffs
  3 meliai zombies (D:11)
  7 dream sheep (Lair:5)
  A shadow (D:8)
  42 yaks
  A wraith (D:12)
  3 hogs (D:7)
  A human (D:7)
  5 basilisks
  4 wyverns
  4 vampire mosquitoes (D:10)
  2 hungry ghosts
  A steam dragon (D:8)
  A warg (Orc)
  2 acid dragons
  9 water moccasins
  10 crocodiles
  3 swamp worms
  7 porcupines
  A black bear (D:9)
  2 swamp drakes (Swamp:1)
  A hornet zombie (D:10)
  9 sky beasts
  A soldier ant (D:12)
  23 orc warriors
  3 ice beasts
  2 phantoms (D:6)
  7 ogres
  10 wolves
  Blork the orc (D:6)
  9 bullfrogs
  A kobold brigand (D:12)
  6 earth elementals (D:12)
  3 gnoll sergeants (D:8)
  5 centaurs
  A water moccasin skeleton (D:6)
  A wyvern skeleton (D:7)
  3 scorpions
  3 killer bees (D:8)
  6 electric eels
  4 howler monkeys
  26 orc priests
  9 crimson imps
  A bullfrog zombie (D:9)
  11 hounds
  A gnoll shaman (D:8)
  4 jellies
  25 orc wizards
  2 iguanas
  11 worker ants
  A hound zombie (D:5)
  A hound skeleton (D:9)
  2 worker ant zombies (D:4)
  25 gnolls
  11 adders
  2 shadow imps
  3 adder skeletons
  3 adder zombies
  5 worms
  2 dart slugs (D:1)
  7 leopard geckos
  65 orcs
  2 ball pythons
  2 giant cockroaches
  10 goblins
  5 hobgoblins
  28 jackals
  13 kobolds
  4 quokkas
  3 bats
  3 frilled lizards
  A jackal skeleton (D:7)
  A quokka zombie (D:4)
  7 rats
  2 fungi
  5 plants
694 creatures vanquished.

Vanquished Creatures (collateral kills)
  A cyclops (D:8)
  A deep elf mage (D:8)
  A centaur (D:8)
  A worker ant (D:8)
4 creatures vanquished.

Vanquished Creatures (others)
  A centaur warrior (D:8)
  3 humans (Lair:3)
  2 yaks (IceCv)
  A wolf (IceCv)
  2 orcs
  4 fungi
  5 plants
18 creatures vanquished.

Grand Total: 716 creatures vanquished

Notes
Turn   | Place    | Note
-------+----------+-------------------------------------------
     0 | D:1      | Artagas the Naga Berserker began the quest for the Orb.
     0 | D:1      | Reached XP level 1. HP: 21/21 MP: 1/1
   151 | D:1      | Reached XP level 2. HP: 23/28 MP: 2/2
   736 | D:1      | Reached XP level 3. HP: 34/34 MP: 3/3
   958 | D:2      | Reached ** piety under Trog
  1396 | D:2      | Reached XP level 4. HP: 44/44 MP: 4/4
  1406 | D:2      | Reached skill level 4 in Fighting
  1528 | D:2      | Reached skill level 4 in Axes
  2321 | D:3      | Noticed a centaur
  2330 | D:3      | Killed a centaur
  2331 | D:3      | Reached XP level 5. HP: 28/51 MP: 5/5
  2337 | D:3      | HP: 11/76 [orc/+0 hand axe (6)]
  2537 | D:3      | Reached skill level 5 in Fighting
  2537 | D:3      | Reached skill level 5 in Axes
  2537 | D:3      | Reached XP level 6. HP: 61/61 MP: 6/6
  2761 | D:3      | Found a corrupted altar of Lugonu.
  4032 | D:4      | Reached XP level 7. HP: 54/67 MP: 7/7
  4082 | D:4      | Found a staircase to the Ecumenical Temple.
  4153 | D:4      | Reached skill level 1 in Shields
  4490 | D:4      | Got a sparkling pewter ring
  4619 | D:4      | Identified the ring "Pyucewocw" {Fire +Blink} (You found it
                  | on level 4 of the Dungeon)
  4639 | D:5      | Entered Level 5 of the Dungeon
  4647 | D:5      | Reached skill level 6 in Fighting
  4647 | D:5      | Reached skill level 6 in Axes
  4918 | D:5      | Reached *** piety under Trog
  5240 | D:5      | Found a sacrificial altar of Ru.
  5257 | D:5      | Reached skill level 2 in Shields
  5257 | D:5      | Reached XP level 8. HP: 70/78 MP: 8/8
  5604 | D:5      | Found Maaffah's Book Shop.
  5919 | D:6      | Reached skill level 7 in Fighting
  5919 | D:6      | Reached skill level 7 in Axes
  6007 | D:6      | Reached skill level 3 in Shields
  6056 | D:6      | Noticed a deep elf mage
  6062 | D:6      | Killed a deep elf mage
  6063 | D:6      | Reached skill level 4 in Shields
  6063 | D:6      | Reached XP level 9. HP: 86/86 MP: 9/9
  6414 | D:6      | Reached skill level 5 in Shields
  6752 | D:6      | Noticed Blork the orc
  6756 | D:6      | Killed Blork the orc
  7051 | D:6      | Reached skill level 8 in Fighting
  7051 | D:6      | Reached skill level 8 in Axes
  7111 | D:7      | Noticed a troll
  7116 | D:7      | Killed a troll
  7126 | D:7      | Reached **** piety under Trog
  7166 | D:7      | Found Imoerip's Assorted Antiques.
  7255 | D:7      | Reached skill level 6 in Shields
  7255 | D:7      | Reached XP level 10. HP: 88/98 MP: 10/10
  7280 | D:7      | Bought a scroll of teleportation for 81 gold pieces
  7280 | D:7      | Bought a scroll labeled MOVU VU ABINI for 27 gold pieces
  7280 | D:7      | Bought 2 lumpy sapphire potions for 48 gold pieces
  7280 | D:7      | Bought a scroll labeled MOVU VU ABINI for 27 gold pieces
  7363 | D:7      | Reached skill level 9 in Fighting
  7363 | D:7      | Reached skill level 9 in Axes
  7485 | D:7      | Found a runed door.
  7608 | D:7      | Reached skill level 1 in Evocations
  7688 | D:7      | Found a sparkling altar of Nemelex Xobeh.
  7736 | D:7      | Reached skill level 2 in Evocations
  7741 | D:7      | Reached skill level 3 in Evocations
  7957 | D:8      | Found a staircase to the Lair.
  7957 | D:8      | Noticed an elephant
  7974 | D:8      | Killed an elephant
  7975 | D:8      | Reached skill level 10 in Axes
  7975 | D:8      | Reached skill level 4 in Evocations
  8025 | D:8      | Noticed a cyclops
  8029 | D:8      | Killed a cyclops
  8140 | D:8      | Reached ***** piety under Trog
  8174 | D:8      | Reached skill level 11 in Axes
  8690 | D:8      | Reached skill level 2 in Armour
  8690 | D:8      | Reached XP level 11. HP: 106/106 MP: 14/14
  8701 | D:8      | Noticed a centaur warrior
  8703 | D:8      | Noticed a deep elf mage
  8706 | D:8      | Noticed a cyclops
  8706 | D:8      | Killed a centaur warrior
  8706 | D:8      | Killed a deep elf mage
  8706 | D:8      | Received a gift from Trog
  8715 | D:8      | Killed a cyclops
  8716 | D:8      | Reached skill level 5 in Evocations
  8728 | D:8      | Found the +16 sapphire dagger {flash freeze, rF- rC++ MR+}
  8824 | D:8      | Reached skill level 3 in Armour
  9052 | D:8      | Found Faraceow's Weapon Emporium.
  9161 | D:8      | Found Kerch's Antique Weapon Emporium.
  9430 | D:8      | Found a staircase to the Orcish Mines.
  9466 | D:8      | Noticed a cyclops
  9479 | D:8      | Killed a cyclops
  9564 | Lair:1   | Entered Level 1 of the Lair of Beasts
  9564 | Lair:1   | Noticed Nergalle
  9577 | Lair:1   | Noticed a spectral orc warlord
  9577 | Lair:1   | Killed Nergalle
  9578 | Lair:1   | Reached skill level 7 in Shields
  9695 | Lair:1   | Found an ancient bone altar of Kikubaaqudgha.
  9758 | Lair:1   | Found a frozen archway.
  9829 | Lair:1   | Reached skill level 4 in Armour
  9843 | IceCv    | Entered an ice cave
  9849 | IceCv    | Reached skill level 10 in Fighting
 10390 | Lair:1   | Reached skill level 12 in Axes
 10698 | Lair:1   | Reached XP level 12. HP: 117/117 MP: 15/15
 11265 | Lair:2   | Found a staircase to the Shoals.
 11352 | Lair:2   | Reached skill level 11 in Fighting
 12095 | Lair:2   | Found a staircase to the Swamp.
 12106 | Lair:2   | Reached skill level 13 in Axes
 12645 | Lair:3   | Noticed Kirke
 12662 | Lair:3   | Killed Kirke
 12663 | Lair:3   | Reached skill level 14 in Axes
 12713 | Lair:3   | Found a transporter.
 12836 | Lair:3   | Received a gift from Trog
 13308 | Lair:3   | Found a transporter.
 13321 | Lair:3   | Found a bloodstained altar of Trog.
 13333 | Lair:3   | Noticed Wachungys's ghost (journeyman NaAc)
 13333 | Lair:3   | Identified the +6 trident "Worm" {venom, +Fly rC+}
 13333 | Lair:3   | Noticed a spriggan rider
 13720 | Lair:3   | Gained mutation: You can use your snake-like lower body to
                  | constrict enemies. [Naga growth]
 13720 | Lair:3   | Reached XP level 13. HP: 123/127 MP: 16/16
 14056 | Lair:4   | Reached skill level 12 in Fighting
 14243 | Lair:4   | Found a hide-covered altar of Uskayaw.
 14400 | Lair:4   | Reached skill level 15 in Axes
 15233 | Lair:5   | Reached skill level 16 in Axes
 15911 | Lair:6   | Entered Level 6 of the Lair of Beasts
 16512 | Lair:6   | Reached XP level 14. HP: 136/138 MP: 18/18
 16736 | Lair:6   | Reached skill level 6 in Evocations
 16809 | Lair:6   | Reached skill level 5 in Armour
 17067 | Lair:6   | Identified the Catalogue of the Gliding Blaze
 17238 | Lair:6   | Reached skill level 8 in Shields
 17466 | Lair:6   | Found a staircase to the Spriggan Forest.
 17564 | Lair:6   | Received a gift from Trog
 17952 | D:9      | Found a runed translucent gate.
 17952 | D:9      | Found a runed translucent gate.
 17952 | D:9      | Found a runed translucent gate.
 18132 | D:9      | Noticed Joseph
 18148 | D:9      | Killed Joseph
 18366 | D:9      | Noticed SansUndertale's ghost (novice NaWn)
 18620 | D:10     | Entered Level 10 of the Dungeon
 18635 | D:10     | Noticed Harold
 18647 | D:10     | Killed Harold
 18656 | D:10     | Reached skill level 6 in Armour
 19223 | D:10     | Reached skill level 13 in Fighting
 19429 | D:10     | Found a blossoming altar of Fedhas.
 19790 | D:11     | Found a runed translucent gate.
 19790 | D:11     | Found a runed translucent gate.
 19899 | D:11     | Found a runed translucent gate.
 19901 | D:11     | Noticed tronn's ghost (novice GnWn)
 20042 | D:11     | Reached XP level 15. HP: 135/148 MP: 19/19
 20043 | D:11     | Noticed Psyche
 20057 | D:11     | Killed Psyche
 20077 | D:11     | Reached skill level 9 in Shields
 20132 | D:11     | Reached skill level 17 in Axes
 20234 | D:11     | Got an ivory flail
 20455 | D:11     | Received a gift from Trog
 20456 | D:11     | Reached skill level 7 in Armour
 20459 | D:11     | Identified the +2 flail "Jateewao" {crush, +Inv} (You found
                  | it on level 11 of the Dungeon)
 20781 | Orc      | Entered the Orcish Mines
 20805 | Orc      | Found Jacw's Food Shop.
 21044 | Orc      | Found Nexziss's General Store.
 21044 | Orc      | Found Toriq's Antique Weapon Boutique.
 21045 | Orc      | Found Gyadeob's Armour Boutique.
 21049 | Orc      | Found Ifuur's Antique Armour Shop.
 21074 | Orc      | Noticed an orc warlord
 21088 | Orc      | Killed an orc warlord
 21273 | Orc      | Found a viscous altar of Jiyva.
 21273 | Orc      | Found a staircase to the Slime Pits.
 21815 | D:12     | Entered Level 12 of the Dungeon
 21833 | D:12     | Noticed Frances
 21842 | D:12     | Reached skill level 14 in Fighting
 21853 | D:12     | Killed Frances
 22405 | D:12     | Reached skill level 18 in Axes
 22864 | D:12     | Found a staircase to the Depths.
 22875 | D:12     | Reached skill level 15 in Fighting
 22875 | D:12     | Reached skill level 1 in Throwing
 22875 | D:12     | Reached XP level 16. HP: 163/163 MP: 20/20
 23039 | D:12     | Received a gift from Trog
 23124 | D:12     | Reached skill level 2 in Throwing
 23208 | D:12     | Found a gate to the Vaults.
 23214 | D:12     | Reached skill level 3 in Throwing
 23380 | D:12     | Reached skill level 4 in Throwing
 23392 | D:12     | Got a bloodstained leather armour {@q1}
 23567 | Swamp:1  | Entered Level 1 of the Swamp
 23642 | Swamp:1  | Reached skill level 5 in Throwing
 24029 | Swamp:1  | Reached skill level 6 in Throwing
 24096 | Swamp:1  | HP: 23/244 [17-headed hydra (15)]
 24096 | Swamp:1  | HP: 7/244 [17-headed hydra (16)]
 24096 | Swamp:1  | HP: 1/244 [17-headed hydra (6)]
 24096 | Swamp:1  | Mangled by a 17-headed hydra

Skill      XL: |  1  2  3  4  5  6  7  8  9 10 11 12 13 14 15 16 |
---------------+-------------------------------------------------+-----
Fighting       | 4 5 6 7 8 9 10 11 12 13 15 | 15.0
Axes           | 4 5 6 7 8 11 12 14 16 18 | 18.0
Shields        | 2 4 6 7 8 9 |  9.0
Evocations     | 4 5 6 |  6.0
Armour         | 2 4 6 7 |  7.0
Throwing       | 1 6 |  6.0
Dodging        | |  1.5

Action                   |  1- 3 |  4- 6 |  7- 9 | 10-12 | 13-15 | 16-18 || total
-------------------------+-------+-------+-------+-------+-------+-------++-------
Melee: Hand axe          |   110 |   327 |   129 |       |       |       ||   566
       War axe           |       |       |   128 |   481 |       |       ||   609
       Broad axe         |       |       |       |    41 |   773 |   145 ||   959
       Flail             |       |       |       |       |    35 |       ||    35
       Constrict         |       |       |       |       |   146 |    17 ||   163
Throw: Tomahawk          |       |     5 |    29 |    27 |    32 |       ||    93
Invok: Berserk           |     6 |    11 |     5 |    21 |    26 |     3 ||    72
       Trog's Hand       |     1 |     1 |       |     7 |     8 |       ||    17
       Brothers in Arms  |       |       |       |     1 |       |       ||     1
 Abil: Spit Poison       |     4 |     6 |     9 |     7 |     1 |       ||    27
Evoke: Lamp of fire      |       |       |       |       |     1 |       ||     1
       Sack of spiders   |       |       |       |       |     1 |       ||     1
  Use: Scroll            |       |     9 |     3 |     9 |     7 |     2 ||    30
 Stab: Petrified         |       |       |       |       |     5 |       ||     5
       Petrifying        |       |       |       |       |       |     1 ||     1
  Eat: Chunk             |     9 |    20 |    21 |    33 |    48 |     9 ||   140
       Ration            |       |     2 |       |     6 |    10 |       ||    18
Armor: Ring mail         |    16 |   148 |    80 |    31 |       |       ||   275
       Animal skin       |     2 |       |       |       |       |       ||     2
       Plate armour      |       |       |       |   162 |   226 |       ||   388
       Chain mail        |       |       |       |       |   145 |     6 ||   151
       Iron troll leathe |       |       |       |       |       |    64 ||    64
Dodge: Dodged            |    46 |   103 |    38 |    16 |    47 |    16 ||   266
Block: Other             |       |    37 |       |       |       |       ||    37
       Buckler           |       |    21 |    80 |       |       |       ||   101
       Reflection        |       |     1 |    12 |    19 |    26 |     1 ||    59
       Medium shield     |       |       |    74 |   407 |   665 |    88 ||  1234

Levels and vault maps discovered:
D:1:      wander_arrival_estate, layout_basic, hangedman_glass_garden
D:2:      layout_loops_ring, serial_rivers, chequers_serial_rivers_large_a,
          chequers_serial_rivers_room_a, chequers_serial_rivers_large_b,
          chequers_serial_rivers_small_3, chequers_serial_rivers_micro_b,
          chequers_serial_rivers_micro_a, grunt_ministairs_7,
          minmay_pentomino_o4
D:3:      layout_basic, nicolae_overflow_hidden_temple
D:4:      layout_basic, minmay_temple_entry_slanted, serial_undead,
          serial_undead_b, serial_undead_e, serial_undead_d, serial_undead_f,
          first_ration
D:5:      layout_loops_ring, serial_shops, shop, nicolae_ru_awakened_eye
D:6:      layout_basic, guppyfry_early_elven_hall, uniq_blork_the_orc
D:7:      layout_rooms, nemelex_altar_shiori, serial_shops, kennysheep_mini,
          grunt_livestock, uniq_crazy_yiuf_cottage
D:8:      layout_cave_pools, david_lair_generic, david_orc_4, serial_gnoll_camp,
          gnoll_camp_huts_basic, gnoll_camp_mini_shop, gnoll_camp_mini_sergeant,
          gnoll_camp_mini_doghouse, gnoll_camp_mini_shop,
          gnoll_camp_mini_doghouse, minmay_pinched_square
D:9:      minmay_klotski, layout_cross, gammafunk_ghost_icy, item_on_display_a,
          uniq_joseph
D:10:     layout_loops_ring, tgw_fedhas, uniq_harold
D:11:     layout_loops_corners, gammafunk_ghost_necromancy, uniq_psyche
D:12:     grunt_enter_depths_snipers, layout_gridville, david_vaults_4,
          serial_rivers, chequers_serial_rivers_small_3,
          chequers_serial_rivers_micro_c, chequers_serial_rivers_room_a,
          chequers_serial_rivers_small_3, hangedman_cracks_in_the_wall,
          uniq_frances
Lair:1:   layout_gridlike, portal_ice_cave_entry_pillars_1,
          amcnicky_altar_gilded, grunt_megastairs_3, uniq_nergalle
Lair:2:   layout_gridlike, nicolae_swamp_entry_splash_gauntlet,
          elwin_shoals_entry_stream, serial_bayou_lagoon_b
Lair:3:   layout_hall_layers, gammafunk_ghost_wrathful_warriors,
          minmay_lair_oklob_chamber, serial_bayou_shore_a, uniq_kirke
Lair:4:   layout_regular_city, serial_rivers, chequers_serial_rivers_micro_c,
          chequers_serial_rivers_small_3, chequers_serial_rivers_micro_d,
          chequers_serial_rivers_small_b, chequers_serial_rivers_room_a,
          basic_altar, nicolae_quartered_pool_super
Lair:5:   layout_cave_pods, grunt_megastairs_2
Lair:6:   hangedman_lair_in_review, layout_long_grid, dummy_forest_entry,
          chequers_serial_rivers_micro_e, infiniplex_staircase_pool
Swamp:1:  layout_basic_swamp, nicolae_swamp_feature_on_the_river_bank
Orc:      st_orc_mages, layout_caves, slime_altar_1, serial_shops, shop,
          nicolae_orc_lava_room

Table legend:
 A = Turns spent in this place as a percentage of turns spent in the entire game.
 B = Non-inter-level travel turns spent in this place as a percentage of non-inter-level travel turns spent in the entire game.
 C = Inter-level travel turns spent in this place as a percentage of turns spent in this place.
 D = Turns resting spent in this place as a percentage of non-inter-level travel turns spent in this place.
 E = Turns spent auto-exploring this place as a percentage of non-inter-level travel turns spent in this place.
 F = Non-inter-level travel turns spent in this place divided by the number of levels of this place that you've seen.
                   A       B       C       D       E      F
               +-------+-------+-------+-------+-------+----------------------
         Total | 100.0 | 100.0 |   4.9 |  11.0 |  70.7 | 1091.8
       Dungeon |  59.9 |  59.1 |   6.1 |   8.7 |  70.6 | 1128.9
          Lair |  34.1 |  34.7 |   3.1 |  16.1 |  70.6 | 1326.0
         Swamp |   2.2 |   2.3 |   0.0 |   0.0 |  73.0 | 529.0
  Orcish Mines |   3.3 |   3.4 |   4.0 |   0.0 |  79.9 | 775.0
      Ice Cave |   0.5 |   0.5 |   0.0 |  48.3 |  23.3 | 120.0
               +-------+-------+-------+-------+-------+----------------------

Table legend:
 A = Kills in this place as a percentage of kills in entire the game.
 B = Kills by you in this place as a percentage of kills by you in the entire game.
 C = Kills by friends in this place as a percentage of kills by friends in the entire game.
 D = Other kills in this place as a percentage of other kills in the entire game.
 E = Experience gained in this place as a percentage of experience gained in the entire game.
 F = Experience gained in this place divided by the number of levels of this place that you have seen.
                   A       B       C       D       E      F
               +-------+-------+-------+-------+-------+----------------------
         Total | 100.0 | 100.0 | 100.0 | 100.0 | 100.0 | 7003.8
       Dungeon |  63.5 |  63.3 | 100.0 |  66.7 |  47.8 | 5864.8
          Lair |  21.9 |  22.1 |   0.0 |   0.0 |  36.6 | 8973.3
         Swamp |   3.0 |   3.1 |   0.0 |   0.0 |   7.5 | 11024.0
  Orcish Mines |  11.0 |  10.9 |   0.0 |  33.3 |   7.7 | 11289.0
      Ice Cave |   0.6 |   0.6 |   0.0 |   0.0 |   0.4 | 549.0
               +-------+-------+-------+-------+-------+----------------------
